 Dungeon Crawl Stone Soup version 0.28.0-53-g5a82cb258f (webtiles) character file.

Game seed: 2932319050075382400

18881 cbfl8 the Cleaver (level 12, -4/169 HPs)
             Began as a Minotaur Berserker on Aug 22, 2022.
             Was a High Priest of Trog.
             Slain by an 11-headed hydra (10 damage)
             ... on level 12 of the Dungeon.
             The game lasted 00:22:37 (15271 turns).

cbfl8 the Cleaver (Minotaur Berserker)             Turns: 15271, Time: 00:22:37

Health: -4/169     AC: 17    Str: 21    XL:     12   Next: 31%
Magic:  11/11      EV: 14    Int:  4    God:    Trog [*****.]
Gold:   1277       SH:  5    Dex: 16    Spells: 11/11 levels left

rFire   + . .      SeeInvis .   g - +1 war axe (vorpal)
rCold   . . .      Faith    .   (no shield)
rNeg    . . .      Spirit   .   b - +0 plate armour
rPois   .          Reflect  +   (helmet restricted)
rElec   .          Harm     .   (no cloak)
rCorr   .          Rampage  .   t - +0 pair of gloves
Will    .....                   J - +0 pair of boots
Stlth   ..........              L - amulet of reflection
HPRegen 0.38/turn               f - +4 ring of evasion
MPRegen 0.12/turn               a - ring of protection from fire

@: berserking, very quick
A: horns 2, retaliatory headbutt
a: Renounce Religion, Berserk, Trog's Hand, Brothers in Arms


You were on level 12 of the Dungeon.
You worshipped Trog.
Trog was extremely pleased with you.
You visited 2 branches of the dungeon, and saw 13 of its levels.
You also visited: Sewer, Ossuary and Bailey.

You collected 1529 gold pieces.
You spent 252 gold pieces at shops.

Inventory:

Hand Weapons
 g - a +1 vorpal war axe (weapon)
 l - the +9 rapier "Bolacw" {distort, +Blink rPois Str+2 Int+2}
   (You took it off a kobold brigand on level 6 of the Dungeon)

   It warps and distorts space around it, and may blink, banish, or inflict
   extra damage upon those it strikes.
   Unwielding it can cause banishment or high damage.
   Str:       It affects your strength (+2).
   Int:       It affects your intelligence (+2).
   rPois:     It protects you from poison.
   +Blink:    It lets you blink.
Armour
 b - a +0 plate armour (worn)
 t - a +0 pair of gloves (worn)
 J - a +0 pair of boots (worn)
Jewellery
 a - a ring of protection from fire (right hand)
 f - a +4 ring of evasion (left hand)
 r - an amulet of the acrobat
 v - a +4 ring of protection
 K - a ring of poison resistance
 L - an amulet of reflection (around neck)
Wands
 c - a wand of flame (34)
 u - a wand of mindburst (3)
 I - a wand of digging (7)
Scrolls
 d - 4 scrolls of enchant weapon
 h - 6 scrolls of teleportation
 i - 2 scrolls of immolation
 n - a scroll of silence
 p - a scroll of holy word {unknown}
 q - 2 scrolls of noise
 s - 3 scrolls of fog
 y - a scroll of summoning
 E - 3 scrolls of blinking
Potions
 j - a potion of attraction {unknown}
 k - 3 potions of haste
 m - 2 potions of mutation {unknown}
 o - 5 potions of lignification
 w - 6 potions of heal wounds
 x - 2 potions of degeneration {unknown}
 z - 6 potions of brilliance {unknown}
 A - 2 potions of berserk rage {unknown}
 B - 4 potions of might
 C - 6 potions of flight
 G - a potion of curing
 H - 2 potions of cancellation {unknown}
Miscellaneous
 D - a lightning rod (4/4)


   Skills:
 * Level 12.9 Fighting
 + Level 13.7 Axes
 + Level 10.1 Armour
 * Level 8.9 Dodging
 + Level 0.3 Stealth
 + Level 1.5 Shields
 * Level 7.0 Evocations


You had 11 spell levels left.
You didn't know any spells.
Your spell library was empty.

Dungeon Overview and Level Annotations

Branches:
Dungeon (12/15)            Temple (1/1) D:7            Lair (0/6) D:8
    Orc (0/2) D:12          Sewer (visited)         Ossuary (visited)
 Bailey (visited)

Altars:
Hepliaklqana
Beogh
Lugonu

Shops:
D:1 *   D:7 !*!   D:11 !

Portals:
Abyss: D:6
Trove: D:11 (show abyssal rune of Zot)

Annotations:
D:12 2 transporters


Innate Abilities, Weirdness & Mutations

You have a pair of horns on your head.
You reflexively headbutt those who attack you in melee.


Message History

The nine-headed hydra completely misses you.
The nine-headed hydra bites you.
You block the nine-headed hydra's attack. x2
The nine-headed hydra bites you but does no damage.
The nine-headed hydra misses you.
The nine-headed hydra bites you but does no damage. x3
You lop one of the nine-headed hydra's heads off!
The eight-headed hydra grows two more!
You hit the ten-headed hydra.
The ten-headed hydra is severely wounded.
The ten-headed hydra bites you. x2
You block the ten-headed hydra's attack.
The ten-headed hydra bites you!
The ten-headed hydra closely misses you. x2
The ten-headed hydra bites you but does no damage.
The ten-headed hydra closely misses you.
You block the ten-headed hydra's attack.
The ten-headed hydra bites you.
You chop one of the ten-headed hydra's heads off!
The nine-headed hydra grows two more!
You hit the 11-headed hydra.
The 11-headed hydra is severely wounded.
The 11-headed hydra bites you but does no damage. x3
The 11-headed hydra closely misses you. The 11-headed hydra bites you!
* * * LOW HITPOINT WARNING * * *
The 11-headed hydra closely misses you. The 11-headed hydra bites you!
* * * LOW HITPOINT WARNING * * *
The 11-headed hydra bites you but does no damage.
The 11-headed hydra closely misses you.
The 11-headed hydra bites you but does no damage.
The 11-headed hydra bites you.
* * * LOW HITPOINT WARNING * * *
A red film seems to cover your vision as you go berserk!
You feel yourself moving faster!
You feel mighty! The 11-headed hydra barely misses you.
The 11-headed hydra bites you but does no damage.
You block the 11-headed hydra's attack. The 11-headed hydra closely misses you.
The 11-headed hydra bites you but does no damage.
The 11-headed hydra bites you!
* * * LOW HITPOINT WARNING * * *
The 11-headed hydra bites you!
You die...

#..........+ .....#
#..........+ .....#
#.........##. #....#
#.........# #R #....#
#.........# #☼+# #...##
#.........####..#####)[).#
#.................)D.....#
#....####'##..#....##...##
#....##..@.##########....#
#....#...D..# .....#
#....#......# #.....# #..
#......# #.....# #......#
#.....# ######## #######


You could see a 11-headed hydra (corroded).

Vanquished Creatures
  2 hydras (D:12)
  A centaur warrior (D:8)
  5 two-headed ogres
  Pikel (D:6)
  2 deep elf pyromancers
  An orc knight (Bailey)
  A manticore (D:11)
  An unseen horror (D:12)
  2 gargoyles
  A komodo dragon (D:11)
  An efreet (D:12)
  A kobold demonologist (D:12)
  2 trolls
  A hornet (D:8)
  4 slime creatures (D:12)
  Sigmund (D:2)
  7 yaks
  A wyvern (D:9)
  2 wraiths
  Grum (D:10)
  Menkaure (D:5)
  12 vampire mosquitoes
  A warg (D:12)
  An acid dragon (D:9)
  2 water moccasins
  3 ice beasts
  9 orc warriors
  4 ogres
  A necrophage (D:4)
  2 wolves (D:10)
  6 centaurs
  4 lemures (D:6)
  5 kobold brigands
  An elf zombie (Ossuary)
  Blork the orc (D:4)
  A bullfrog (D:7)
  2 gnoll sergeants
  2 scorpions
  12 killer bees
  3 wights (D:7)
  3 centaur zombies
  3 jellies
  2 hounds (D:5)
  4 orc priests
  2 human zombies (Ossuary)
  A centaur skeleton (D:7)
  A gnoll shaman (D:8)
  Jessica (D:2)
  3 iguanas
  8 orc wizards
  A scorpion zombie (D:5)
  Natasha (thrice) (D:2)
  2 mummies (Ossuary)
  A howler monkey zombie (D:8)
  Robin (D:4)
  11 adders
  15 gnolls
  An adder skeleton (D:3)
  2 dart slugs
  28 orcs
  9 bats
  12 endoplasms
  7 giant cockroaches
  14 hobgoblins
  4 jackals
  A quokka (D:1)
  6 ball pythons
  A frilled lizard (D:2)
  22 goblins
  2 goblin zombies (Ossuary)
  12 hobgoblin zombies (Ossuary)
  44 kobolds
  13 kobold zombies
  5 orc zombies (Ossuary)
  6 rats
  A rat zombie (Ossuary)
363 creatures vanquished.

Notes
Turn   | Place    | Note
-------+----------+-------------------------------------------
     0 | D:1      | cbfl8 the Minotaur Berserker began the quest for the Orb.
     0 | D:1      | Reached XP level 1. HP: 19/19 MP: 0/0
    97 | D:1      | Reached XP level 2. HP: 21/27 MP: 1/1
   176 | D:1      | Reached skill level 4 in Axes
   348 | D:1      | Found a faded altar of an unknown god.
   405 | D:1      | Found Xyqa's General Store.
   485 | D:2      | Noticed Jessica
   499 | D:2      | Killed Jessica
   500 | D:2      | Reached XP level 3. HP: 33/34 MP: 2/2
   789 | D:2      | Reached ** piety under Trog
   838 | D:2      | Noticed Sigmund
   846 | D:2      | Killed Sigmund
   847 | D:2      | Reached skill level 5 in Fighting
   847 | D:2      | Reached skill level 5 in Axes
   847 | D:2      | Reached skill level 1 in Evocations
   847 | D:2      | Reached XP level 4. HP: 16/42 MP: 3/3
   847 | D:2      | Reached XP level 5. HP: 18/48 MP: 4/4
  1246 | D:2      | Noticed Natasha
  1248 | D:2      | Killed Natasha
  1381 | D:2      | Noticed Natasha
  1387 | D:2      | Killed Natasha
  1388 | D:2      | Reached XP level 6. HP: 56/56 MP: 5/5
  2044 | D:2      | Noticed Natasha
  2050 | D:2      | Killed Natasha
  2211 | D:3      | Reached skill level 6 in Axes
  2389 | D:3      | Reached *** piety under Trog
  2872 | D:4      | Reached XP level 7. HP: 53/63 MP: 6/6
  2973 | D:4      | Noticed Blork the orc
  2979 | D:4      | Killed Blork the orc
  3021 | D:4      | Found a hazy altar of Hepliaklqana.
  3066 | D:4      | Noticed Robin
  3070 | D:4      | Reached skill level 7 in Axes
  3075 | D:4      | Killed Robin
  3458 | D:5      | Entered Level 5 of the Dungeon
  3876 | D:5      | Reached XP level 8. HP: 71/71 MP: 7/7
  4055 | D:5      | Noticed Menkaure
  4063 | D:5      | Killed Menkaure
  4064 | D:5      | Reached skill level 8 in Axes
  4463 | D:5      | Reached skill level 5 in Armour
  4465 | D:5      | Reached skill level 5 in Dodging
  4579 | D:5      | Reached **** piety under Trog
  4818 | D:6      | Noticed Pikel
  4834 | D:6      | Killed Pikel
  4835 | D:6      | Reached skill level 9 in Axes
  4835 | D:6      | Reached XP level 9. HP: 68/81 MP: 8/8
  5441 | D:6      | Found a glowing drain.
  5460 | Sewer    | Entered a sewer
  5966 | D:6      | Found a one-way gate to the infinite horrors of the Abyss.
  5966 | D:6      | Identified the +9 rapier "Bolacw" {distort, +Blink rPois
                  | Str+2 Int+2}
  6300 | D:6      | Found a large runed translucent door.
  6304 | D:6      | Found a large runed translucent door.
  6307 | D:6      | Found a corrupted altar of Lugonu.
  6639 | D:6      | Reached skill level 10 in Axes
  7023 | D:7      | Found a staircase to the Ecumenical Temple.
  7027 | D:7      | Noticed a deep elf pyromancer
  7031 | D:7      | Killed a deep elf pyromancer
  7053 | Temple   | Entered the Ecumenical Temple
  7137 | D:7      | Found a sand-covered staircase.
  7141 | D:7      | Reached XP level 10. HP: 81/91 MP: 9/9
  7160 | D:7      | Found Ustrarch's Distillery.
  7163 | D:7      | Bought a potion of might for 44 gold pieces
  7163 | D:7      | Bought a potion of heal wounds for 55 gold pieces
  7163 | D:7      | Bought a potion of curing for 33 gold pieces
  7175 | Ossuary  | Entered an ossuary
  7305 | Ossuary  | Reached ***** piety under Trog
  7457 | D:7      | Found Unara's General Store.
  7466 | D:7      | Bought a scroll of blinking for 120 gold pieces
  7603 | D:7      | Reached skill level 5 in Evocations
  7605 | D:7      | Found Zalunov's Distillery.
  7826 | D:8      | Found a flagged portal.
  7850 | D:8      | Reached skill level 11 in Axes
  7915 | Bailey   | Entered a bailey
  8198 | Bailey   | Noticed an orc knight
  8560 | Bailey   | Killed an orc knight
  8761 | D:8      | Found a staircase to the Lair.
  8778 | D:8      | Received a gift from Trog
  9175 | D:8      | Noticed a centaur warrior
  9183 | D:8      | Killed a centaur warrior
  9184 | D:8      | Reached skill level 10 in Fighting
  9506 | D:9      | Noticed a two-headed ogre
  9514 | D:9      | Killed a two-headed ogre
  9515 | D:9      | Reached skill level 12 in Axes
 10395 | D:9      | Reached XP level 11. HP: 85/101 MP: 10/10
 10636 | D:9      | Noticed a two-headed ogre
 10645 | D:9      | Killed a two-headed ogre
 11271 | D:10     | Entered Level 10 of the Dungeon
 11457 | D:10     | Noticed Grum
 11467 | D:10     | Killed Grum
 12014 | D:11     | Noticed a two-headed ogre
 12021 | D:11     | Killed a two-headed ogre
 12069 | D:11     | Noticed a two-headed ogre
 12076 | D:11     | Killed a two-headed ogre
 12208 | D:11     | Noticed a two-headed ogre
 12216 | D:11     | Killed a two-headed ogre
 12217 | D:11     | Reached skill level 13 in Axes
 12572 | D:11     | Found a portal to a secret trove of treasure.
 13368 | D:11     | Found Xauc's Distillery.
 13934 | D:12     | Noticed a six-headed hydra
 13954 | D:12     | Killed a ten-headed hydra
 13955 | D:12     | Reached XP level 12. HP: 20/112 MP: 11/11
 14435 | D:12     | Found a transporter.
 14447 | D:12     | Noticed a two-headed ogre
 14449 | D:12     | Noticed a two-headed ogre
 14450 | D:12     | Found a transporter.
 14595 | D:12     | Reached skill level 10 in Armour
 14595 | D:12     | Reached skill level 1 in Shields
 14601 | D:12     | Noticed an eight-headed hydra
 15039 | D:12     | Found a staircase to the Orcish Mines.
 15217 | D:12     | Killed an eight-headed hydra
 15257 | D:12     | Noticed a five-headed hydra
 15271 | D:12     | HP: 6/169 [11-headed hydra (11)]
 15271 | D:12     | Slain by an 11-headed hydra

Illustrated notes

Levels and vault maps discovered:
D:1:      dpeg_arrival_shelter, layout_rooms,
          hellmonk_ecumenical_altar_heavens_door, serial_shops,
          nicolae_shop_window_shopping
D:2:      kb_forest_paths, layout_basic, grunt_ministairs_8,
          minmay_increasing_density, uniq_natasha, uniq_sigmund, uniq_jessica
D:3:      layout_loops_ring, st_stairs_5, hangedman_decor_clover_reticule
D:4:      layout_basic, nicolae_overflow_crystal_walls, uniq_robin,
          uniq_blork_the_orc
D:5:      layout_rooms, interstate_on_off, kennysheep_crisscross,
          chequers_serial_rivers_marsh, supply_closet_lemuel,
          serial_bayou_pond_e, mrwooster_statue_mirror, uniq_menkaure
D:6:      due_chaos_kobolds, layout_layer_cave, cheibrodos_sewer_entry_drain,
          uniq_pikel
D:7:      layout_cave_pools, minmay_temple_entry_sparse_star, enter_ossuary_3,
          serial_shops, shop, kennysheep_mini_moat, shop
D:8:      layout_basic, lair_entry_dummy, enter_bailey_2
D:9:      layout_basic
D:10:     layout_loops_cross, st_stairs_8, uniq_grum
D:11:     layout_stronghold, nicolae_trove_entry_columns, serial_shops, shop
D:12:     gammafunk_beogh_shrine, layout_gridville, david_orc_3,
          skrybe_limestone_x, lightli_fourway_metalbox
Temple:   kilobyte_greek_temple

Skill      XL: |  1  2  3  4  5  6  7  8  9 10 11 12 |
---------------+-------------------------------------+-----
Fighting       | 4 5 6 8 9 10 12 | 12.9
Axes           | 4 5 6 7 9 10 12 13 | 13.7
Armour         | 3 4 5 7 8 9 10 | 10.1
Dodging        | 3 4 5 6 7 8 |  8.9
Evocations     | 1 2 3 4 5 6 7 |  7.0
Shields        | 1 |  1.5
Stealth        | |  0.3

Action                   |  1- 3 |  4- 6 |  7- 9 | 10-12 || total
-------------------------+-------+-------+-------+-------++-------
Melee: Hand axe          |    51 |       |       |       ||    51
       Punch             |     4 |     2 |     2 |     3 ||    11
       Headbutt          |    10 |    14 |    35 |    88 ||   147
       War axe           |     9 |    91 |   184 |   430 ||   714
Invok: Berserk           |     1 |       |     5 |     3 ||     9
Evoke: Wand              |       |       |     5 |    30 ||    35
  Use: Potion            |       |     1 |     5 |     1 ||     7
       Scroll            |       |     4 |     3 |    11 ||    18
Armor: Animal skin       |     5 |       |       |       ||     5
       Plate armour      |    20 |    36 |    90 |   211 ||   357
       Chain mail        |     4 |       |       |       ||     4
Dodge: Dodged            |    27 |    52 |   121 |   426 ||   626
Block: Other             |       |       |       |    55 ||    55
       Reflection        |       |       |       |     1 ||     1
